 Dungeon Crawl Stone Soup version 0.21-a0-122-g43b3ea6 (webtiles) character file.

110 grindst0ne the Skirmisher (level 5, -3/36 HPs)
             Began as a Halfling Skald on July 13, 2017.
             Was a Believer of Uskayaw.
             Killed by nerve-wracking pain
             ... invoked by an orc priest
              (13 damage)
             ... on level 2 of the Dungeon.
             The game lasted 00:03:40 (2222 turns).

grindst0ne the Skirmisher (Halfling Skald)          Turns: 2222, Time: 00:03:41

Health: -3/36      AC:  9    Str: 13    XL:     5   Next: 14%
Magic:  6/7        EV:  8    Int: 11    God:    Uskayaw [**....]
Gold:   99         SH:  0    Dex: 14    Spells: 6/7 levels left

rFire    . . .     SeeInvis .   j - +0 rapier
rCold    . . .     Gourm    .   (shield restricted)
rNeg     . . .     Faith    .   o - +1 chain mail {rPois}
rPois    +         Spirit   .   (no helmet)
rElec    .         Reflect  .   (no cloak)
rCorr    .         Harm     .   (no gloves)
MR       .....                  (no boots)
Stlth    ..........             (no amulet)
HPRegen  0.12/turn              (no ring)
MPRegen  0.10/turn              (no ring)

@: very slightly contaminated, slowed, very slow
A: mutation resistance 1
a: Stomp, Line Pass, Renounce Religion


You were on level 2 of the Dungeon.
You worshipped Uskayaw.
Uskayaw was noncommittal.
You were hungry.

You visited 1 branch of the dungeon, and saw 2 of its levels.

You collected 99 gold pieces.

Inventory:

Hand Weapons
 a - a +0 hand axe
 j - a +0 rapier (weapon)
Armour
 b - a +0 leather armour
 o - a +1 chain mail of poison resistance (worn)
Scrolls
 e - a scroll of identify {unknown}
 g - a scroll of magic mapping {unknown}
 i - 2 scrolls of enchant armour {unknown}
Potions
 f - a potion of agility {unknown}
 l - a potion of magic {unknown}
 m - 2 potions of might {unknown}
 n - a potion of lignification {unknown}
Books
 c - a book of Battle

   Spells                             Type                      Level
   a - Infusion                       Charms                       1
   b - Shroud of Golubria             Charms/Translocation         2
   c - Song of Slaying                Charms                       2
   d - Spectral Weapon                Hexes/Charms                 3
   e - Regeneration                   Charms/Necromancy            3
Comestibles
 d - 3 bread rations
 h - 2 meat rations
 k - 4 chunks of flesh


   Skills:
 + Level 3.3 Fighting
 + Level 2.6 Short Blades
 - Level 2.8 Axes
 - Level 1.1 Armour
 - Level 2.1 Dodging
 - Level 1.5 Spellcasting
 - Level 3.2 Charms


You had 6 spell levels left.
You knew the following spells:

 Your Spells              Type           Power        Failure   Level  Hunger
a - Infusion              Chrm           #...         95%         1    ##.....


Dungeon Overview and Level Annotations

Branches:
Dungeon (2/15)

Altars:
Kikubaaqudgha
Makhleb
Uskayaw


Innate Abilities, Weirdness & Mutations

You are small and have problems with some larger weapons.
You are somewhat resistant to further mutation.


Message History

The orc hits you but does no damage.
You hit the orc wizard.
You kill the orc wizard!
You have reached level 5!
You feel agile.
The orc priest casts a cantrip, but nothing happens.
The orc hits you but does no damage.
You hit the orc priest but do no damage.
The orc priest looks encouraged for a moment.
The orc priest looks braver for a moment.
You closely miss the orc priest.
The orc priest mumbles some strange prayers to Beogh against you.
Beogh smites you!
* * * LOW HITPOINT WARNING * * *
You are feeling hungry.
The orc wizard casts a spell at you.
You feel as though you will be slow longer.
The orc priest mumbles some strange prayers to Beogh against you.
Pain shoots through your body!
You die...

#.#########..# #..
##........###.###..
...........##......
#..........$#......
#..........⌠#......
#...........#......
##oo.......##......
#.o......###......
#@#########.......
#...........#.....
#############.....
#...........
#.#.......#.
#.#.......#.
#.#.....S.#.
##.#.......#.
#..........#.


You could see an orc priest, an orc wizard and an orc.

Vanquished Creatures
  An orc wizard (D:2)
  2 adders (D:2)
  2 oozes (D:2)
  A worm (D:2)
  3 dart slugs
  A leopard gecko (D:2)
  2 orcs (D:2)
  4 bats
  2 giant cockroaches
  A hobgoblin (D:1)
  3 jackals (D:2)
  3 quokkas (D:2)
  3 frilled lizards
  8 goblins
  5 kobolds
  4 rats (D:1)
45 creatures vanquished.

Notes
Turn   | Place    | Note
-------+----------+-------------------------------------------
     0 | D:1      | grindst0ne the Halfling Skald began the quest for the Orb.
     0 | D:1      | Reached XP level 1. HP: 14/14 MP: 3/3
   343 | D:1      | Reached XP level 2. HP: 19/19 MP: 4/4
  1083 | D:1      | Reached XP level 3. HP: 23/25 MP: 5/5
  1502 | D:2      | Found a hide-covered altar of Uskayaw.
  1502 | D:2      | Found an ancient bone altar of Kikubaaqudgha.
  1527 | D:2      | Found a burning altar of Makhleb.
  1553 | D:2      | Became a worshipper of Uskayaw the Reveler
  1601 | D:2      | Reached * piety under Uskayaw
  1635 | D:2      | Reached ** piety under Uskayaw
  1709 | D:2      | Reached skill level 1 in Short Blades
  1763 | D:2      | Reached XP level 4. HP: 29/30 MP: 3/6
  2219 | D:2      | Reached XP level 5. HP: 23/36 MP: 5/7
  2222 | D:2      | Killed from afar by an orc priest

Vault maps used:
D:1:      eino_arrival_water_star, hangedman_decor_growths
D:2:      cheibrodos_pilgrimage, grunt_temple_overflow_open, grunt_ministairs_11

Skill      XL: |  1  2  3  4 |
---------------+-------------+-----
Fighting       | 2 3 |  3.3
Short Blades   | 1 2 |  2.6
Axes           | |  2.8
Armour         | |  1.1
Dodging        | |  2.1
Spellcasting   | |  1.5
Charms         | |  3.2

Action                   |  1- 3 |  4- 6 || total
-------------------------+-------+-------++-------
Melee: Hand axe          |    73 |       ||    73
       Rapier            |    43 |    44 ||    87
 Cast: Infusion          |     2 |     2 ||     4
  Eat: Chunk             |     3 |     1 ||     4
Armor: Leather armour    |    27 |     3 ||    30
       Chain mail        |       |    10 ||    10
Dodge: Dodged            |    94 |    21 ||   115
